cohdb
Replays
Latest Replays
All Replays
Popular Replays
Top Player Replays
Match Explorer
How It Works
Community
CoH3 Stats
Reddit
Sign in to upload your games and track your stats! →
Sign in with Steam
Match 41263945
Unlisted
Match 41263945
Overview
Messages
Build Orders
End
Construct Section Command Post
Infantry Section
Dingo Light Scout Car
Infantry Section
Infantry Section
Construct Platoon Command Post
Selects Heavy Armor Battlegroup
Selects Rigorous Vehicle Training
Humber Armored Car
Construct Field Infirmary
Humber Armored Car
Infantry Section
Vickers Machine Gun Team
Grenade Package
ML 3-inch Mortar Team
6-pounder Anti-tank Gun Team
Selects Light Vehicle Withdraw and Refit
Selects UNKNOWN (202330)
Construct Company Command Post
Construct Company Command Post
감귤
Adrian Calu
0
0
Comments
sign in to comment!
No comments posted yet!